 Dungeon Crawl Stone Soup version 0.31.0-1-g2c135a0 (webtiles) character file.

Game seed: 3804703522759425910

223710 jagoly the Severer (level 17, -2/115 HPs)
             Began as a Gargoyle Monk on Jan 27, 2024.
             Was an Elder of the Shining One.
             Slain by an acid blob (15 damage)
             ... on level 1 of the Pits of Slime.
             The game lasted 04:33:13 (12594 turns).

jagoly the Severer (Gargoyle Monk)                 Turns: 12594, Time: 04:33:14

Health: -2/115     AC: 43    Str: 22    XL:     17   Next: 88%
Magic:  0/26       EV:  8    Int: 15    God:    the Shining One [****..]
Gold:   854        SH: 24    Dex: 12    Spells: 16/16 levels left

rFire   . . .        a - +3 broad axe
rCold   . . .        G - +2 kite shield {reflect}
rNeg    + + +        L - +8 plate armour {ponderous}
rPois   ∞            S - +1 helmet {Int+3}
rElec   +            Z - +1 cloak
rCorr   +            y - +1 pair of gloves {hurl}
SInv    .            (no boots)
Will    +....        Q - amulet of regeneration Stlth
                     g - ring of resist corrosion
HPRegen 1.19/turn    i - +4 ring of protection
MPRegen 0.20/turn

%: reflection
@: divinely shielded, corroded, flying, glowing, slow
A: sickness immunity, AC +12, big wings, negative energy resistance 1,
electricity resistance, torment resistance 1, petrification resistance
}: 2/15 runes: serpentine, barnacled
a: Renounce Religion, Divine Shield, Cleansing Flame


You were on level 1 of the Pits of Slime.
You worshipped the Shining One.
The Shining One was greatly pleased with you.
You visited 6 branches of the dungeon, and saw 27 of its levels.

You collected 2759 gold pieces.
You spent 1905 gold pieces at shops.

Inventory:

Hand Weapons
 a - a +3 broad axe (weapon)
 b - the +8 short sword of Baleful Conscience {venom, Int+3}
   (You found it on level 4 of the Dungeon)

   Int+3:     It affects your intelligence (+3).
 w - a +2 trident of protection
 x - the +2 mace of Res Judicata {flame, Will+ MP+9}
   (You found it on level 4 of the Shoals)

   Will+:     It increases your willpower.
   MP+9:      It affects your magic capacity (+9).
Missiles
 f - 21 poisoned darts
 F - 12 silver javelins
 I - 2 throwing nets
 P - 31 boomerangs (quivered)
 X - 8 javelins
Armour
 m - a +3 leather armour of fire resistance
 o - a +0 troll leather armour
 t - a +2 kite shield of protection
 y - a +1 pair of gloves of hurling (worn)
 G - a +2 kite shield of reflection (worn)
 L - a +8 plate armour of ponderousness (worn)
 S - a +1 helmet of intelligence (worn)
 Z - a +1 cloak (worn)
Jewellery
 g - a ring of resist corrosion (left hand)
 h - a ring of protection from fire
 i - a +4 ring of protection (right hand)
 r - a ring of willpower
 C - a ring of ice
 Q - an amulet of regeneration (around neck)
Wands
 D - a wand of flame (45)
 M - a wand of acid (1)
 Y - a wand of mindburst (3)
Scrolls
 c - a scroll of identify
 d - a scroll of fog {unknown}
 n - a scroll of brand weapon {unknown}
 q - 3 scrolls of immolation
 s - 4 scrolls of teleportation {unknown}
 u - 2 scrolls of summoning
 J - 3 scrolls of noise {unknown}
 K - a scroll of poison
 N - a scroll of acquirement {unknown}
 O - a scroll of blinking
Potions
 l - a potion of brilliance {unknown}
 p - a potion of mutation {unknown}
 v - 2 potions of enlightenment
 z - 5 potions of might
 A - 5 potions of haste
 B - a potion of invisibility {unknown}
 E - 2 potions of magic {unknown}
 H - 3 potions of lignification
 R - 2 potions of berserk rage
 U - 4 potions of heal wounds {unknown}
 V - a potion of resistance {unknown}
 W - 2 potions of attraction {unknown}
Miscellaneous
 e - a box of beasts (inert)
 j - a lightning rod (4/4)
 k - a phial of floods
 T - a phantom mirror


   Skills:
 - Level 16.0 Fighting
 + Level 17.9 Axes
 * Level 6.1 Throwing
 - Level 12.0 Armour
 - Level 6.0 Dodging
 - Level 2.0 Stealth
 - Level 12.0 Shields
 - Level 12.0 Invocations
 - Level 4.0 Evocations


You had 16 spell levels left.
You didn't know any spells.
Your spell library contained the following spells:

 Spells                   Type           Power      Damage    Failure   Level
 Kiss of Death            Conj/Necr      0%         2d5       99%         1
 Magic Dart               Conj           0%         1d3       99%         1
 Blink                    Tloc           0%         N/A       100%        2
 Call Imp                 Summ           0%         N/A       100%        2
 Mercury Vapours          Alch/Air       0%         N/A       100%        2
 Static Discharge         Conj/Air       0%         3-3/arc   100%        2
 Confusing Touch          Hex            0%         N/A       100%        3
 Dazzling Flash           Conj/Hex       0%         N/A       100%        3
 Inner Flame              Hex/Fire       0%         N/A       100%        3
 Mephitic Cloud           Conj/Alch/Air  0%         N/A       100%        3
 Tukima's Dance           Hex            0%         N/A       100%        3
 Volatile Blastmotes      Fire/Tloc      0%         2d10      100%        3
 Airstrike                Air            0%         2d(0-16)  100%        4
 Dimensional Bullseye     Hex/Tloc       0%         N/A       100%        4
 Dispel Undead            Necr           0%         3d6       100%        4
 Ignite Poison            Fire/Alch      0%         N/A       100%        4
 Iskenderun's Mystic Bla  Conj/Tloc      0%         2d3       100%        4
 Manifold Assault         Tloc           0%         N/A       100%        4
 Sticky Flame             Fire/Alch      0%         2d4       100%        4
 Summon Lightning Spire   Summ/Air       0%         N/A       100%        4
 Freezing Cloud           Conj/Ice/Air   0%         6-21      100%        5
 Dispersal                Tloc           0%         N/A       100%        6
 Starburst                Conj/Fire      0%         6d3       100%        6
 Disjunction              Tloc           0%         N/A       100%        8
 Maxwell's Capacitive Co  Air            0%         ∞         100%        8


Dungeon Overview and Level Annotations

Branches:
Dungeon (11/15) Zot: 25937  Temple (0/1) D:5            Lair (5/5) D:8 Zot: 25688
 Shoals (4/4) Lair:3 Zot: 22784   Snake (4/4) Lair:2 Zot: 22260   Slime (1/5) Lair:4 Zot: 5976
    Orc (2/2) D:10 Zot: 11312     Elf (0/3) Orc:2

Altars:
Cheibriados
Dithmenos
Elyvilon
Hepliaklqana
Kikubaaqudgha
Makhleb
Sif Muna
Vehumet
Wu Jian
Yredelemnul
Zin
The Shining One
Jiyva

Shops:
D:4 [   Orc:2 ![=*=


Innate Abilities, Weirdness & Mutations

You are immune to sickness and miasma.
Your stone body is resilient. (AC +12)
You are immune to poison.
Your large and strong wings let you fly.
You resist negative energy. (rN+)
You are resistant to electric shocks. (rElec)
You are resistant to unholy torment.
You are immune to petrification.


Message History

Polyphemus is almost dead.
Polyphemus throws a large rock.
You block the large rock with your +2 kite shield of reflection... and reflect it back!
The large rock barely misses Polyphemus.
Throw: 24 boomerangs
Press: ? - help, Q - select action, (/) - cycle Shift-Dir - straight line, f/p - Polyphemus
Aim: Polyphemus, quivering large rocks (almost dead, haloed, 97% to hit)
You throw a boomerang.
The boomerang hits Polyphemus but does no damage.
Polyphemus is almost dead.
Throw: 24 boomerangs
Press: ? - help, Q - select action, (/) - cycle Shift-Dir - straight line, f/p - Polyphemus
Aim: Polyphemus, quivering large rocks (almost dead, haloed, 97% to hit)
You throw a boomerang. The boomerang hits Polyphemus.
Polyphemus is almost dead.
Polyphemus throws a large rock.
The large rock hits you but does no damage.
Throw: 24 boomerangs
Press: ? - help, Q - select action, (/) - cycle Shift-Dir - straight line, f/p - Polyphemus
Aim: Polyphemus, quivering large rocks (almost dead, haloed, 97% to hit)
You throw a boomerang. The boomerang hits Polyphemus.
Polyphemus is almost dead.
Polyphemus throws a large rock.
The large rock hits you but does no damage.
Throw: 24 boomerangs
Press: ? - help, Q - select action, (/) - cycle Shift-Dir - straight line, f/p - Polyphemus
Aim: Polyphemus, quivering large rocks (almost dead, haloed, 97% to hit)
You throw a boomerang. The boomerang hits Polyphemus.
Polyphemus is almost dead.
Cleave: a) +3 broad axe
Press: ? - help, Dir - move target, f/p - Polyphemus
Aim: Polyphemus, quivering large rocks (water, almost dead, haloed, about 3% to evade your +3 broad axe)
You slash Polyphemus!
You kill Polyphemus!
You hear a splash.
Press: ? - help, v - describe, . - travel, g - get item
Items here: (( ) ? [.
The floor, spattered with blood.
X - 8 javelins (gained 3);
F - 11 silver javelins (gained 1)
c - a scroll of identify
Things that are here:
a +1 heavy spear; a +0 leather armour Search for what [Enter for "dart", or ? for help]? .
You feel a little less mighty now.
You see here a snapping turtle corpse.
F - 12 silver javelins (gained 1)
Things that are here:
a +0 spear; a +0 leather armour; a merfolk corpse
Press: ? - help, v - describe, . - travel, g - get item
Items here: a +0 trident; 2 boomerangs; a merfolk corpse.
The floor.
This square is lit by a halo.
Press: ? - help, v - describe, . - travel, g - get item
Items here: a +0 trident; 3 boomerangs.
The floor, spattered with blood.
This square is lit by a halo.
P - 27 boomerangs (gained 3)
You see here a +0 trident.
Press: ? - help, v - describe, . - travel, g - get item
Items here: ( ))).
Some shallow water.
This square is lit by a halo.
I - a throwing net
Things that are here:
a +0 longbow; a +0 quarterstaff; a +0 trident
Press: ? - help, v - describe, . - travel, g - get item
Items here: a +7 rapier of freezing; a +0 robe.
Some shallow water.
This square is lit by a halo.
You see here a ring of poison resistance.
Press: ? - help, v - describe, . - travel, g - get item
Items here: ( ) [ †.
The floor.
This square is lit by a halo.
Press: ? - help, v - describe, . - travel, g - get item Item here: a +4 trident of venom.
The floor.
This square is lit by a halo.
I - 2 throwing nets (gained 1)
Things that are here:
a +2 trident of venom; a +0 robe; a merfolk corpse
Press: ? - help, v - describe, . - travel, g - get item
Items here: a +0 trident; 2 boomerangs; a merfolk corpse.
The floor.
This square is lit by a halo.
P - 29 boomerangs (gained 2)
Things that are here:
a +0 trident; a merfolk corpse
U - 4 bubbling ruby potions (gained 2)
O - a scroll of blinking You now have 854 gold pieces (gained 17).
Search for what [Enter for "."]? .
Unknown command.
Unknown command.
A water nymph comes into view.
Throw: 29 boomerangs
Press: ? - help, Q - select action, (/) - cycle Shift-Dir - straight line, f - water nymph
Aim: a water nymph (water, wandering, hasn't noticed you, 62% to hit)
You throw a boomerang.
The boomerang closely misses the water nymph.
The water nymph shouts!
Throw: 29 boomerangs
Press: ? - help, Q - select action, (/) - cycle Shift-Dir - straight line, f/p - water nymph
Aim: a water nymph (water, 62% to hit)
You throw a boomerang. The boomerang hits the water nymph.
The water nymph is lightly wounded.
The water nymph casts a spell at you. The water rises up and strikes you!!
Throw: 29 boomerangs
Press: ? - help, Q - select action, (/) - cycle Shift-Dir - straight line, f/p - water nymph
Aim: a water nymph (water, lightly wounded, 62% to hit)
You throw a boomerang.
The boomerang barely misses the water nymph.
The water nymph casts a spell at you. The water rises up and strikes you.
Throw: 29 boomerangs
Press: ? - help, Q - select action, (/) - cycle Shift-Dir - straight line, f/p - water nymph
Aim: a water nymph (water, lightly wounded, 62% to hit)
You throw a boomerang. The boomerang hits the water nymph!
The water nymph is moderately wounded.
Throw: 29 boomerangs
Press: ? - help, Q - select action, (/) - cycle Shift-Dir - straight line, f/p - water nymph
Aim: a water nymph (water, moderately wounded, haloed, 75% to hit)
You throw a boomerang. The boomerang hits the water nymph!
The water nymph is heavily wounded.
Throw: 29 boomerangs
Press: ? - help, Q - select action, (/) - cycle Shift-Dir - straight line, f/p - water nymph
Aim: a water nymph (water, heavily wounded, haloed, 75% to hit)
You throw a boomerang. The boomerang hits the water nymph!
The water nymph is almost dead.
Throw: 29 boomerangs
Press: ? - help, Q - select action, (/) - cycle Shift-Dir - straight line, f/p - water nymph
Aim: a water nymph (water, severely wounded, haloed, 75% to hit)
You throw a boomerang. The boomerang hits the water nymph!
You kill the water nymph!
Throw: 29 boomerangs
Press: ? - help, Q - select action, (/) - cycle Shift-Dir - straight line, f - you
Okay, then.
P - 31 boomerangs (gained 2)
You see here a +0 glaive.
There is a stone staircase leading down here.
You see here 5 stones.
HP restored.
There is a stone staircase leading up here.
You fly upwards.
There is a stone staircase leading down here.
HP restored.
There is a staircase back to the Lair here.
You fly upwards.
Welcome back to the Lair of Beasts!
If you linger in this branch much longer, the power of Zot will shatter your earthy gem.
There is a staircase to the Shoals here.
There is a large open door here.
Press: ? - help, v - describe, . - travel The floor.
This square is lit by a halo.
There is a stone staircase leading down here.
You fly downwards.
There is a stone staircase leading up here.
Unknown command.
There is a viscous altar of Jiyva here.
There is a staircase to the Slime Pits here.
You fly downwards.
Welcome to the Pits of Slime!
This branch is unnaturally silent: sounds travel farther here.
This branch contains the slimy rune of Zot.
You can now summon a divine warrior.
The slime creature quivers. x5
There is a staircase back to the Lair here.
Okay, then.
You're wearing all the rings you can.
Remove which one? (? for menu, Esc to cancel) < or
r - a ring of willpower; > or
i - a +4 ring of protection You remove your ring of willpower.
g - a ring of resist corrosion (left hand)
A slime creature comes into view.
The slime creature quivers.
You slash the slime creature!
The slime creature is lightly wounded.
You slash the slime creature! You hit the slime creature.
The slime creature is moderately wounded.
You slash the slime creature!
The slime creature hits you but does no damage.
You block the slime creature's attack.
You slice the slime creature!!
The slime creature is severely wounded.
You hit the slime creature. You slash the slime creature!
A slime creature comes into view. x3
You block the slime creature's attack. The slime creature hits you!
The slime creature barely misses you.
The slime creature quivers.
You hit the slime creature.
The slime creature is severely wounded.
You hit the slime creature. You slice the slime creature!!
A slime creature comes into view.
Two slime creatures merge to form a large slime creature.
The slime creature completely misses you.
Two slime creatures merge to form a large slime creature.
A slime creature comes into view.
You block the slime creature's attack.
A slime creature comes into view.
The slime creature quivers.
The slime creature quivers.
You slice the slime creature!!
The slime creature is almost dead.
You slash the large slime creature! x2; You slice the slime creature!!
You slash the slime creature! The slime creature hits you.
You block the slime creature's attack.
A slime creature comes into view.
You block the slime creature's attack.
A slime creature comes into view.
You slash the large slime creature!
The large slime creature is heavily wounded.
You hit the large slime creature. You hit the slime creature.
You slice the slime creature!! You slash the slime creature!
You kill the slime creature!
A large slime creature splits.
The large slime creature hits you but does no damage.
Two slime creatures merge to form a very large slime creature.
A slime creature comes into view.
You block the slime creature's attack. x2
Two slime creatures merge to form a large slime creature.
You hit the very large slime creature.
The very large slime creature is moderately wounded.
You slash the slime creature! You slice the large slime creature!!
You hit the slime creature. You slash the slime creature!
You slice the very large slime creature!!
The very large slime creature is heavily wounded.
You slice the slime creature!! You slash the slime creature!
You hit the slime creature but do no damage.
You slash the large slime creature! You block the slime creature's attack.
The slime creature completely misses you.
The slime creature barely misses you.
You slash the very large slime creature!
The very large slime creature is heavily wounded.
You slice the slime creature!! You slice the large slime creature!!
You slash the slime creature!
You kill the slime creature!
You slash the slime creature! The slime creature hits you.
You block the slime creature's attack.
The large slime creature hits you but does no damage.
The very large slime creature hits you but does no damage.
A quicksilver ooze comes into view.
You slash the very large slime creature!
The very large slime creature is heavily wounded.
You slash the large slime creature! You slash the slime creature!
You kill the slime creature!
You hit the slime creature. The very large slime creature hits you!
The slime creature hits you but does no damage.
A slime creature comes into view.
Two slime creatures merge to form an enormous slime creature.
A slime creature comes into view.
A large slime creature splits.
Two slime creatures merge to form a titanic slime creature.
Press: ? - help, v - describe, . - travel The floor.
This square is lit by a halo.
Press: ? - help, v - describe, . - travel
Here: a titanic slime creature (moderately wounded, haloed)
The floor.
Press: ? - help, v - describe, . - travel
Here: a titanic slime creature (moderately wounded, haloed)
The floor.
Okay, then.
Okay, then.
Okay, then.
Press: ? - help, v - describe, . - travel
Here: a slime creature (severely wounded, haloed)
The floor.
Unknown command.
Press: ? - help, v - describe, . - travel
Here: a slime creature (severely wounded, haloed)
The floor.
Unknown command.
Cleave: a) +3 broad axe
Press: ? - help, Dir - move target, f - slime creature
Aim: a slime creature (severely wounded, haloed, about 3% to evade your +3 broad axe)
You slice the slime creature!!
You kill the slime creature!
You slash the slime creature! x2
You kill the slime creature!
You slash the slime creature!
You hit the titanic slime creature but do no damage.
Press: ? - help, v - describe, . - travel
Here: a titanic slime creature (moderately wounded, haloed)
The floor.
Your shield is strengthened by the Shining One's divine power.
You block the slime creature's attack. x2
Okay, then.
Cleave: a) +3 broad axe
Press: ? - help, Dir - move target, f - titanic slime creature
Aim: a titanic slime creature (moderately wounded, haloed, about 3% to evade your +3 broad axe)
You slice the titanic slime creature!!
The titanic slime creature is heavily wounded.
You hit the slime creature but do no damage.
You hit the slime creature. x2; You slash the slime creature!
A slime creature comes into view.
The slime creature hits you but does no damage.
You block the slime creature's attack. x2
You block the titanic slime creature's attack.
Two slime creatures merge to form a large slime creature.
The slime creature hits you but does no damage.
An acid blob comes into view.
Cleave: a) +3 broad axe
Press: ? - help, Dir - move target, f/p - titanic slime creature
Aim: a titanic slime creature (heavily wounded, haloed, about 3% to evade your +3 broad axe)
Okay, then.
Unknown command.
Cleave: a) +3 broad axe
Press: ? - help, Dir - move target, f/p - titanic slime creature
Aim: a titanic slime creature (heavily wounded, haloed, about 3% to evade your +3 broad axe)
You hit the titanic slime creature.
The titanic slime creature is heavily wounded.
You slash the slime creature! x2
You kill the slime creature!
You slice the large slime creature!! You slash the slime creature!
An acid blob comes into view.
The slime creature jiggles.
Two slime creatures merge to form a very large slime creature.
Two slime creatures merge to form an enormous slime creature.
You block the titanic slime creature's attack.
You block the slime creature's attack.
Cleave: a) +3 broad axe
Press: ? - help, Dir - move target, f/p - titanic slime creature
Aim: a titanic slime creature (heavily wounded, haloed, about 3% to evade your +3 broad axe)
You slash the titanic slime creature!
The titanic slime creature is heavily wounded.
You slash the enormous slime creature! You hit the slime creature.
You slash the quicksilver ooze!
The acid blob jiggles.
An enormous slime creature splits.
You block the titanic slime creature's attack.
The slime creature hits you!
You block the quicksilver ooze's attack.
The quicksilver ooze hits you but does no damage.
Activating: Cleansing Flame (2% risk of failure)
Press: ? - help, Dir - look around, f - activate The golden flame engulfs you but does no damage.
The golden flame engulfs the large slime creature!!
The large slime creature is heavily wounded.
The golden flame engulfs the quicksilver ooze!!
The quicksilver ooze is severely wounded.
The golden flame engulfs the large slime creature!
The large slime creature is moderately wounded.
The golden flame engulfs the titanic slime creature!!
The titanic slime creature is heavily wounded.
The golden flame engulfs the slime creature!!
You kill the slime creature!
The golden flame engulfs the slime creature!!
The slime creature is almost dead.
You block the quicksilver ooze's attack.
The quicksilver ooze hits you but does no damage.
A large slime creature splits.
You block the titanic slime creature's attack.
A large slime creature splits.
Activating: Cleansing Flame (2% risk of failure)
Press: ? - help, Dir - look around, f - activate The golden flame engulfs you but does no damage.
The golden flame engulfs the slime creature!!
You kill the slime creature!
The golden flame engulfs the slime creature!!!
The slime creature is almost dead.
The golden flame engulfs the slime creature!!
The slime creature is almost dead.
The golden flame engulfs the quicksilver ooze!!
The quicksilver ooze is almost dead.
The golden flame engulfs the slime creature!!
The slime creature is heavily wounded.
The golden flame engulfs the titanic slime creature!
The titanic slime creature is heavily wounded.
The golden flame engulfs the slime creature!!
The slime creature is almost dead.
The golden flame engulfs the slime creature!!
The slime creature is heavily wounded.
The golden flame engulfs the slime creature!!
The slime creature is moderately wounded.
You can no longer summon a divine warrior.
You block the quicksilver ooze's attack. x3
The quicksilver ooze hits you but does no damage.
Two slime creatures merge to form a large slime creature.
The slime creature hits you but does no damage.
The titanic slime creature hits you.
Two slime creatures merge to form a large slime creature.
The slime creature hits you but does no damage.
The slime creature barely misses you.
Activating: Cleansing Flame (2% risk of failure)
Press: ? - help, Dir - look around, f - activate The golden flame engulfs you but does no damage.
You resist.
The golden flame engulfs the slime creature!!
You kill the slime creature!
The golden flame engulfs the large slime creature!!
The large slime creature is severely wounded.
The golden flame engulfs the quicksilver ooze!!
You kill the quicksilver ooze!
The golden flame engulfs the slime creature!!
You kill the slime creature!
The golden flame engulfs the titanic slime creature!!!
The titanic slime creature is severely wounded.
The golden flame engulfs the large slime creature!!
The large slime creature is severely wounded.
A titanic slime creature splits.
The large slime creature hits you!!
Cleave: a) +3 broad axe
Press: ? - help, Dir - move target, f - large slime creature
Aim: a large slime creature (severely wounded, haloed, about 3% to evade your +3 broad axe)
You slash the large slime creature!
The large slime creature is almost dead.
You slash the large slime creature!
You slash the very large slime creature!
You slice the large slime creature!!
Two slime creatures merge to form a very large slime creature.
Activating: Cleansing Flame (2% risk of failure)
Press: ? - help, Dir - look around, f - activate The golden flame engulfs you but does no damage.
You resist.
The golden flame engulfs the very large slime creature!!!
The very large slime creature is severely wounded.
The golden flame engulfs the large slime creature!!!
You kill the large slime creature!
The golden flame engulfs the acid blob!!
The acid blob is moderately wounded.
The golden flame engulfs the large slime creature!!!
You kill the large slime creature!
The golden flame engulfs the acid blob!!
The acid blob is moderately wounded.
The golden flame engulfs the very large slime creature!
The very large slime creature is almost dead.
Your phantom mirror has recharged.
Your Throwing skill increases to level 6!
Cleave: a) +3 broad axe
Press: ? - help, Dir - move target, f - very large slime creature
Aim: a very large slime creature (severely wounded, haloed, about 3% to evade your +3 broad axe)
You slice the very large slime creature!!
The very large slime creature is almost dead.
You hit the acid blob but do no damage.
Your hands burn!
You hit the acid blob.
Your hands burn!
You block the acid blob's attack. x2
Activating: Cleansing Flame (2% risk of failure)
Press: ? - help, Dir - look around, f - activate The golden flame engulfs you but does no damage.
You resist.
The golden flame engulfs the very large slime creature!!
You kill the very large slime creature!
The golden flame engulfs the acid blob!
The acid blob is heavily wounded.
The golden flame engulfs the acid blob!!
The acid blob is heavily wounded.
The golden flame engulfs the very large slime creature!
The very large slime creature is almost dead.
* * * LOW MAGIC WARNING * * *
The acid blob spits acid at you.
The splash of acid hits you but does no damage.
The acid blob spits acid at you.
The splash of acid hits you but does no damage.
Cleave: a) +3 broad axe
Press: ? - help, Dir - move target, f - very large slime creature
Aim: a very large slime creature (almost dead, haloed, about 3% to evade your +3 broad axe)
You hit the very large slime creature.
The very large slime creature is almost dead.
You slash the acid blob!
Your hands burn!
You slash the acid blob!
Your hands burn!
The acid blob spits acid at you.
The splash of acid hits you but does no damage.
The acid corrodes you!
A very large slime creature splits.
The acid blob hits you!
* * * LOW HITPOINT WARNING * * *
You are splashed with acid.
You resist.
* * * LOW HITPOINT WARNING * * *
Cleave: a) +3 broad axe
Press: ? - help, Dir - move target, f/p - large slime creature
Aim: a large slime creature (almost dead, haloed, about 3% to evade your +3 broad axe)
You slice the large slime creature!!
You kill the large slime creature!
You hit the acid blob but do no damage.
Your hands burn!
* * * LOW HITPOINT WARNING * * *
You hit the slime creature. You hit the acid blob.
Your hands burn!
* * * LOW HITPOINT WARNING * * *
You block the acid blob's attack. The acid blob spits acid at you.
The splash of acid hits you! You resist.
* * * LOW HITPOINT WARNING * * *
Okay, then.
Cleave: a) +3 broad axe
Press: ? - help, Dir - move target, f - acid blob
Aim: an acid blob (severely wounded, haloed, about 3% to evade your +3 broad axe)
Okay, then.
Cleave: a) +3 broad axe
Press: ? - help, Dir - move target, f - acid blob
Aim: an acid blob (severely wounded, haloed, about 3% to evade your +3 broad axe)
You slice the acid blob!!
Your hands burn!
* * * LOW HITPOINT WARNING * * *
The acid blob is almost dead.
You hit the acid blob.
Your hands burn!
* * * LOW HITPOINT WARNING * * *
You slash the slime creature!
You kill the slime creature!
The acid blob hits you!!
* * * LOW HITPOINT WARNING * * *
You are splashed with acid.
You resist.
* * * LOW HITPOINT WARNING * * *
The acid blob hits you!
You die...

...##.#........
................
.....#.#....~...
.............~~~
#.^.........~~~~
............~..~
#......J..~≈.~
##....@....~..
#....<.J...~~~
#.........#...~~
.........## ~...
#.#....... ... #
##...#.## ..
##.#### . ##


You could see 2 acid blobs.

Vanquished Creatures
  Polyphemus (Shoals:2)
  Aizul (Shoals:2)
  7 nagarajas (Snake:4)
  Louise (Snake:2)
  An orc warlord (Orc:1)
  A quicksilver ooze (Slime:1)
  9 merfolk impalers
  5 merfolk javelineers
  2 merfolk avatars
  2 catoblepae
  3 hydras
  2 ogre magi (Orc:2)
  6 anacondas
  3 boulder beetles
  3 merfolk aquamancers (Shoals:4)
  2 two-headed ogres (Orc:2)
  A satyr (Shoals:2)
  5 naga warriors
  6 death yaks
  2 shock serpents (Snake:4)
  4 naga sharpshooters
  Urug (Orc:2)
  16 sea snakes
  A salamander mystic (Snake:3)
  5 mana vipers
  2 skysharks
  4 naga ritualists
  4 harpies
  A cyclops (Shoals:4)
  An oklob plant (Lair:3)
  2 salamanders
  4 fauns
  2 merfolk sirens (Shoals:2)
  3 elephants (Lair:5)
  5 guardian serpents
  2 water nymphs
  20 black mambas
  2 gargoyles (D:10)
  A torpor snail (Lair:2)
  6 naga magi
  An unseen horror (D:10)
  10 cane toads
  4 rime drakes
  6 komodo dragons
  4 polar bears
  A tyrant leech (Lair:5)
  3 wind drakes
  4 trolls
  27 merfolk
  A hornet (D:7)
  3 dream sheep (Shoals:4)
  17 blink frogs
  A snapping turtle (Shoals:4)
  4 centaur simulacra (D:11)
  15 slime creatures (Slime:1)
  A shadow (D:10)
  Sigmund (D:2)
  4 wyverns
  2 wargs (Orc:1)
  4 water elementals
  2 vampire mosquitoes (Lair:5)
  61 yaks
  A steam dragon (D:10)
  Eustachio (D:5)
  8 basilisks
  Menkaure (D:4)
  24 nagas
  3 acid dragons
  10 orc warriors
  Duvessa (D:6)
  14 water moccasins
  A hornet zombie (D:7)
  6 ice beasts
  A sky beast (D:7)
  4 black bears
  12 ogres
  14 wolves
  4 centaurs
  A phantom (D:6)
  A kobold brigand (D:11)
  Blork the orc (D:5)
  3 necrophages
  2 gnoll sergeants
  16 bullfrogs
  2 wyvern zombies (D:7)
  3 scorpions
  8 wights
  Dowan (D:6)
  3 killer bees (D:9)
  7 howler monkeys
  2 centaur zombies (D:7)
  A bombardier beetle (D:3)
  A human zombie (D:4)
  2 hounds
  12 orc priests
  2 sleepcaps
  A gnoll bouda (D:8)
  A centaur skeleton (D:4)
  4 iguanas
  8 orc wizards
  A scorpion zombie (D:4)
  Terence (D:3)
  A killer bee zombie (D:7)
  3 hound skeletons
  A howler monkey zombie (D:7)
  14 gnolls
  7 adders
  3 shadow imps
  2 ufetubi (D:11)
  2 adder zombies (D:4)
  An adder skeleton (D:4)
  3 dart slugs
  A ribbon worm (D:2)
  42 orcs
  14 ball pythons
  5 endoplasms
  4 hobgoblins (D:2)
  5 jackals
  6 quokkas
  5 bats
  3 frilled lizards
  3 goblins
  13 kobolds
  A quokka zombie (D:4)
  6 rats
659 creatures vanquished.

Vanquished Creatures (collateral kills)
  The ghost of TuffENuff the Warrior, an adept FoFi of Cheibriados (Snake:3)
  An angel (Shoals:4)
  4 merfolk impalers
  A merfolk javelineer (Shoals:2)
  3 hydras (Lair:5)
  A catoblepas (Shoals:2)
  2 ogre magi (Orc:2)
  12 two-headed ogres (Orc:2)
  5 naga warriors
  5 merfolk aquamancers
  3 naga sharpshooters (Snake:3)
  2 death yaks (Shoals:4)
  A shock serpent (Snake:3)
  A cherub (Shoals:4)
  A naga ritualist (Snake:2)
  An orc knight (Orc:2)
  2 fauns (Shoals:2)
  2 cyclopes (Shoals:4)
  A manticore (Shoals:4)
  5 black mambas
  A kobold blastminer (Orc:2)
  A merfolk siren (Shoals:4)
  7 elephants (Lair:5)
  A naga mage (Snake:3)
  A guardian serpent (Snake:3)
  4 cane toads (Lair:5)
  A komodo dragon (Lair:5)
  2 tyrant leeches (Lair:5)
  A troll (Orc:2)
  5 merfolk
  7 blink frogs (Lair:5)
  A dream sheep (Shoals:4)
  2 snapping turtles
  A yak (Lair:5)
  3 vampire mosquitoes (Lair:5)
  6 nagas
  3 orc warriors (Orc:2)
  A wolf (Lair:3)
  11 ogres (Orc:2)
  2 bullfrogs (Lair:5)
  2 electric eels (Lair:5)
  An orc priest (Orc:2)
  3 orc wizards (Orc:2)
  6 orcs (Orc:2)
127 creatures vanquished.

Vanquished Creatures (others)
  2 merfolk aquamancers (Shoals:4)
  A cherub (Shoals:4)
  2 merfolk
  A naga (Snake:4)
6 creatures vanquished.

Grand Total: 792 creatures vanquished

Notes
Turn   | Place    | Note
-------+----------+-------------------------------------------
     0 | D:1      | jagoly the Gargoyle Monk began the quest for the Orb.
     0 | D:1      | Reached XP level 1. HP: 14/14 MP: 1/1
   112 | D:1      | Reached XP level 2. HP: 19/19 MP: 2/2
   184 | D:1      | Reached skill level 3 in Axes
   366 | D:2      | Reached skill level 1 in Stealth
   375 | D:3      | Reached XP level 3. HP: 20/23 MP: 3/3
   377 | D:3      | Noticed Terence
   471 | D:2      | Reached skill level 1 in Armour
   546 | D:2      | Noticed Sigmund
   563 | D:2      | Killed Sigmund
   564 | D:2      | Reached skill level 4 in Axes
   564 | D:2      | Reached XP level 4. HP: 21/29 MP: 4/4
   564 | D:2      | Reached XP level 5. HP: 24/33 MP: 5/5
   675 | D:2      | Reached XP level 6. HP: 33/39 MP: 6/6
   823 | D:4      | Identified the +8 short sword of Baleful Conscience {venom,
                  | Int+3}
   912 | D:3      | Killed Terence
   922 | D:3      | Found a radiant altar of Vehumet.
   934 | D:3      | Found a shimmering blue altar of Sif Muna.
  1188 | D:5      | Entered Level 5 of the Dungeon
  1194 | D:5      | Reached skill level 5 in Fighting
  1258 | D:5      | Noticed Eustachio
  1293 | D:5      | Killed Eustachio
  1294 | D:5      | Reached XP level 7. HP: 38/46 MP: 7/7
  1328 | D:4      | Found a glowing golden altar of the Shining One.
  1337 | D:4      | Became a worshipper of the Shining One
  1337 | D:4      | Reached * piety under the Shining One
  1337 | D:4      | Reached ** piety under the Shining One
  1433 | D:4      | Found an ancient bone altar of Kikubaaqudgha.
  1558 | D:4      | Found Joeraem's Antique Armour Shoppe.
  1582 | D:4      | Noticed Menkaure
  1596 | D:4      | Killed Menkaure
  1597 | D:4      | Reached XP level 8. HP: 31/54 MP: 3/8
  1714 | D:6      | Reached *** piety under the Shining One
  1730 | D:5      | Found an ornate altar of the Wu Jian Council.
  1866 | D:5      | Noticed Blork the orc
  1886 | D:5      | Killed Blork the orc
  1900 | D:5      | Found a staircase to the Ecumenical Temple.
  2045 | D:6      | Found a snail-covered altar of Cheibriados.
  2160 | D:7      | Noticed a hornet
  2166 | D:7      | Killed a hornet
  2167 | D:7      | Reached skill level 10 in Fighting
  2303 | D:7      | Reached skill level 5 in Axes
  2371 | D:7      | Reached XP level 9. HP: 51/63 MP: 5/9
  2572 | D:7      | Reached skill level 6 in Axes
  2643 | D:7      | Found a basalt altar of Yredelemnul.
  2731 | D:6      | Noticed Dowan
  2732 | D:6      | Noticed Duvessa
  2743 | D:6      | Killed Duvessa
  2744 | D:6      | Reached skill level 7 in Axes
  2749 | D:6      | Killed Dowan
  2790 | D:6      | Reached **** piety under the Shining One
  2798 | D:6      | Reached skill level 1 in Throwing
  2953 | D:8      | Reached XP level 10. HP: 35/70 MP: 5/10
  3063 | D:8      | Found a burning altar of Makhleb.
  3071 | D:8      | Reached skill level 8 in Axes
  3242 | D:8      | Found a staircase to the Lair.
  3259 | D:8      | Reached skill level 9 in Axes
  3290 | D:8      | Found a hazy altar of Hepliaklqana.
  3371 | D:9      | Found a shadowy altar of Dithmenos.
  3464 | D:9      | Reached skill level 10 in Axes
  3748 | D:10     | Entered Level 10 of the Dungeon
  3770 | D:9      | Reached skill level 1 in Evocations
  4012 | D:10     | Reached ***** piety under the Shining One
  4181 | D:10     | Found a staircase to the Orcish Mines.
  4199 | D:10     | Reached XP level 11. HP: 56/76 MP: 9/11
  4201 | D:10     | Noticed a boulder beetle
  4220 | D:10     | Killed a boulder beetle
  4379 | D:10     | Reached skill level 11 in Axes
  4605 | D:11     | Noticed a two-headed ogre
  4687 | D:11     | Reached skill level 1 in Invocations
  4749 | D:11     | Reached skill level 5 in Armour
  5029 | Lair:1   | Entered Level 1 of the Lair of Beasts
  5207 | Lair:1   | Reached skill level 12 in Axes
  5273 | Lair:2   | Noticed an eight-headed hydra
  5591 | Lair:1   | Reached XP level 12. HP: 70/81 MP: 11/13
  5704 | Lair:1   | Reached skill level 13 in Axes
  5911 | Lair:3   | Noticed an eight-headed hydra
  6025 | Lair:2   | Reached skill level 5 in Invocations
  6223 | Lair:2   | Killed an eight-headed hydra
  6348 | Lair:2   | Noticed a death yak
  6368 | Lair:2   | Noticed a death yak
  6370 | Lair:2   | Noticed a death yak
  6372 | Lair:2   | Noticed a death yak
  6406 | Lair:1   | Killed a death yak
  6520 | Lair:2   | Found a staircase to the Snake Pit.
  6622 | Lair:2   | Killed a death yak
  6630 | Lair:2   | Killed a death yak
  6638 | Lair:2   | Killed a death yak
  6706 | Lair:3   | Reached XP level 13. HP: 85/86 MP: 19/19
  6856 | Lair:3   | Found a staircase to the Shoals.
  7123 | Lair:3   | Reached skill level 10 in Invocations
  7256 | Lair:4   | Found a viscous altar of Jiyva.
  7260 | Lair:4   | Found a staircase to the Slime Pits.
  7300 | Lair:4   | Reached skill level 5 in Dodging
  7405 | Lair:5   | Entered Level 5 of the Lair of Beasts
  7485 | Lair:4   | Reached skill level 14 in Axes
  7972 | Lair:5   | Gained mutation: Your large and strong wings let you fly.
                  | [Gargoyle growth]
  7972 | Lair:5   | Reached XP level 14. HP: 72/94 MP: 15/22
  8052 | Lair:5   | Reached skill level 1 in Shields
  8156 | Lair:5   | Reached skill level 5 in Shields
  8209 | Lair:5   | Got the Dissertation on the Dragon
  8211 | Lair:5   | Got an earthy gem with 668 turns to spare
  8544 | Orc:1    | Entered Level 1 of the Orcish Mines
  8628 | Orc:1    | Noticed an orc warlord
  8664 | Orc:1    | Killed an orc warlord
  8709 | Orc:2    | Entered Level 2 of the Orcish Mines
  8721 | Orc:2    | Paralysed by an ogre mage for 3 turns
  8748 | Orc:2    | Paralysed by an ogre mage for 3 turns
  8762 | Orc:2    | Reached skill level 15 in Axes
  8777 | Orc:2    | Found Asepnun's Antique Armour Shoppe.
  8777 | Orc:2    | Found Moga's General Store.
  8780 | Orc:2    | Found Kedejun's Jewellery Boutique.
  8780 | Orc:2    | Found Puud's Jewellery Emporium.
  8788 | Orc:2    | Reached XP level 15. HP: 100/100 MP: 8/24
  8868 | Orc:2    | Found Bovilud's Distillery.
  8874 | Orc:2    | Bought a potion of haste for 160 gold pieces
  8874 | Orc:2    | Bought a potion of enlightenment for 80 gold pieces
  8874 | Orc:2    | Bought a potion of berserk rage for 80 gold pieces
  8906 | Orc:2    | Found a staircase to the Elven Halls.
  9020 | Orc:1    | Noticed Urug
  9039 | Orc:2    | Killed Urug
  9144 | Orc:2    | Bought a ring of resist corrosion for 300 gold pieces
  9149 | Orc:2    | Bought a ring of willpower for 325 gold pieces
  9149 | Orc:2    | Bought an amulet of regeneration for 390 gold pieces
  9160 | Orc:2    | Bought a brightly glowing tower shield for 256 gold pieces
  9160 | Orc:2    | Identified the +0 tower shield of Panentheism {rElec rC-
                  | Dex+7 Stlth-} (You bought it in a shop on level 2 of the
                  | Orcish Mines)
  9163 | Orc:2    | Bought a scroll of blinking for 112 gold pieces
  9167 | Orc:2    | Bought a pair of embroidered gloves for 202 gold pieces
  9376 | Snake:1  | Entered Level 1 of the Snake Pit
  9422 | Snake:1  | Reached ****** piety under the Shining One
  9439 | Snake:1  | Reached skill level 10 in Shields
  9652 | Snake:2  | Noticed Louise
  9673 | Snake:2  | Killed Louise
  9853 | Snake:3  | Found a runed translucent gate.
 10003 | Snake:3  | Found a runed translucent gate.
 10003 | Snake:3  | Found a runed translucent gate.
 10011 | Snake:3  | Noticed TuffENuff's ghost (adept FoFi)
 10232 | Snake:3  | Killed TuffENuff's ghost
 10354 | Snake:3  | Reached XP level 16. HP: 100/107 MP: 25/25
 10432 | Snake:4  | Entered Level 4 of the Snake Pit
 10457 | Snake:4  | Reached skill level 15 in Fighting
 10486 | Snake:4  | Noticed a nagaraja
 10486 | Snake:4  | Noticed a nagaraja
 10522 | Snake:4  | Killed a nagaraja
 10536 | Snake:4  | Killed a nagaraja
 10628 | Snake:4  | Noticed a nagaraja
 10642 | Snake:4  | Reached skill level 16 in Axes
 10659 | Snake:4  | Killed a nagaraja
 10763 | Snake:4  | Noticed a nagaraja
 10802 | Snake:4  | Noticed a nagaraja
 10805 | Snake:4  | Killed a nagaraja
 10831 | Snake:4  | Killed a nagaraja
 10878 | Snake:4  | Noticed a nagaraja
 10908 | Snake:4  | Killed a nagaraja
 10969 | Snake:4  | Noticed a nagaraja
 10976 | Snake:4  | Killed a nagaraja
 10996 | Snake:4  | Got a serpentine rune of Zot
 10999 | Snake:4  | Got a jade gem with 844 turns to spare
 11270 | Shoals:1 | Entered Level 1 of the Shoals
 11616 | Shoals:4 | Entered Level 4 of the Shoals
 11696 | Shoals:4 | Found a glowing silver altar of Zin.
 11706 | Shoals:4 | Reached skill level 17 in Axes
 11706 | Shoals:4 | Reached skill level 10 in Armour
 11706 | Shoals:4 | Reached XP level 17. HP: 105/115 MP: 26/26
 11826 | Shoals:4 | Found a glowing golden altar of the Shining One.
 11893 | Shoals:4 | Identified the +2 mace of Res Judicata {flame, Will+ MP+9}
 11897 | Shoals:4 | Got a barnacled rune of Zot
 11899 | Shoals:4 | Got an azure gem with 1182 turns to spare
 11949 | Shoals:4 | Found a white marble altar of Elyvilon.
 12257 | Shoals:2 | Noticed Polyphemus
 12297 | Shoals:2 | Identified the serpent talisman "Ufoo" {rC+ rN++ Str-5
                  | Int+3}
 12297 | Shoals:2 | Noticed Aizul
 12312 | Shoals:2 | Killed Aizul
 12366 | Shoals:2 | Reached skill level 5 in Throwing
 12403 | Shoals:2 | Killed Polyphemus
 12566 | Slime:1  | Entered Level 1 of the Pits of Slime
 12582 | Slime:1  | Noticed an acid blob
 12583 | Slime:1  | Noticed an acid blob
 12594 | Slime:1  | Slain by an acid blob

Illustrated notes

Levels and vault maps discovered:
D:1:      minmay_arrival_plants_in_alcoves, layout_basic
D:2:      wad_crossroads, layout_loops_cross, serial_shops, shop_statue,
          minmay_misc_feat_rows, minmay_tiny_reverse_x, uniq_robin, uniq_sigmund
D:3:      layout_rooms, mainiacjoe_overflow_alcove_2, minitemple,
          nicolae_twisty_statue_hallways, uniq_terence
D:4:      layout_cave_pools, mainiacjoe_overflow_tiny_flanked,
          lemuel_mausoleum_altar_kikubaaqudgha, serial_shops,
          nicolae_shop_just_a_little_nook, uniq_menkaure
D:5:      layout_rooms, mainiacjoe_overflow_paths,
          minmay_temple_entry_stoned_glass, uniq_eustachio, uniq_blork_the_orc
D:6:      layout_basic, kennysheep_slug_shrine, uniq_duvessa
D:7:      layout_basic, nicolae_yredelemnul_corpse_copse
D:8:      layout_rooms, overflow_temple_1_default, makhleb_blood_cavern_becter,
          minmay_lair_entry_grove
D:9:      layout_basic, mainiacjoe_overflow_brackets
D:10:     layout_layer_cave, david_orc_3
D:11:     layout_roguey, serial_ice, serial_ice_a, serial_ice_n, serial_ice_o,
          serial_ice_j, serial_shops, nicolae_shop_crystal
Lair:1:   layout_hall_layers, grunt_megastairs_4, infiniplex_staircase_pool_2
Lair:2:   layout_gridlike, alex1729_snake_entry_snake, grunt_megastairs_3
Lair:3:   dpeg_oklob_shooting_range, layout_chaotic_city,
          elwin_shoals_entry_stream, grunt_megastairs_1, lemuel_fruit_fields
Lair:4:   layout_cave_pods, dpeg_slime_entry_corner, uniq_nessos
Lair:5:   minmay_lair_end_frog_pond, layout_hall_layers, lemuel_fruit_tree,
          infiniplex_staircase_pool
Shoals:1: layout_shoals, uniq_kirke
Shoals:2: layout_shoals, serial_shops, shop, nicolae_shoals_hunting_party,
          uniq_aizul, uniq_polyphemus
Shoals:3: layout_shoals, argonaut_gorgonesque
Shoals:4: shoals_end_hellmonk_holy_island
Snake:1:  layout_layer_cave
Snake:2:  layout_rooms, uniq_louise
Snake:3:  layout_rooms, gammafunk_ghost_split, hangedman_snake_pattern,
          library_closet
Snake:4:  grunt_snake_rune_pools, layout_onion_interference,
          nicolae_letterblocks [nicolae_letter_subblock,
          nicolae_letter_subblock, nicolae_letter_subblock,
          nicolae_letter_subblock, nicolae_letter_subblock,
          nicolae_letter_subblock, nicolae_letter_subblock,
          nicolae_letter_subblock, nicolae_letter_subblock,
          nicolae_letter_subblock, nicolae_letter_subblock,
          nicolae_letter_subblock, nicolae_letter_subblock,
          nicolae_letter_subblock, nicolae_letter_subblock,
          nicolae_letter_subblock, nicolae_letter_subblock,
          nicolae_letter_subblock, nicolae_letter_subblock,
          nicolae_letter_subblock, nicolae_letter_subblock,
          nicolae_letter_subblock, nicolae_letter_subblock,
          nicolae_letter_subblock, nicolae_letter_subblock],
          serial_bayou_shore_b, serial_bayou_shore_b
Slime:1:  nicolae_slime_pool, layout_caves
Orc:1:    layout_caves, uniq_urug
Orc:2:    st_orc_ogre_mass, layout_caves, serial_shops, shop

Skill      XL: |  1  2  3  4  5  6  7  8  9 10 11 12 13 14 15 16 17 |
---------------+----------------------------------------------------+-----
Axes           | 3 4 5 7 10 12 13 14 15 17 | 17.9
Stealth        | 1 2 |  2.0
Armour         | 2 3 6 8 10 12 | 12.0
Fighting       | 4 6 8 10 11 12 13 14 16 | 16.0
Dodging        | 3 4 5 6 |  6.0
Throwing       | 2 6 |  6.1
Evocations     | 2 4 |  4.0
Invocations    | 2 9 10 12 | 12.0
Shields        | 7 12 | 12.0

Action                     |  1- 3 |  4- 6 |  7- 9 | 10-12 | 13-15 | 16-18 || total
---------------------------+-------+-------+-------+-------+-------+-------++-------
  Melee: Hand axe          |    79 |    76 |       |       |       |       ||   155
         Short sword       |       |    63 |   228 |   403 |   199 |       ||   893
         Dire flail        |       |       |    39 |   275 |   239 |       ||   553
         Punch             |       |       |     1 |    13 |    10 |       ||    24
         Broad axe         |       |       |       |       |   530 |   763 ||  1293
         Trident           |       |       |       |       |       |    11 ||    11
  Throw: Dart              |     3 |       |    15 |    47 |    20 |       ||    85
         Stone             |       |       |     1 |     8 |    36 |    20 ||    65
         Boomerang         |       |       |       |     3 |    10 |    33 ||    46
         Javelin           |       |       |       |       |       |     2 ||     2
 Invoke: Divine Shield     |       |       |       |     2 |     8 |     6 ||    16
         Summon Divine War |       |       |       |       |     7 |     3 ||    10
         Cleansing Flame   |       |       |       |       |     2 |    11 ||    13
  Evoke: Wand              |       |       |       |     2 |     1 |    12 ||    15
         Phantom mirror    |       |       |       |       |     1 |     1 ||     2
         Lightning rod     |       |       |       |       |       |     2 ||     2
         Box of beasts     |       |       |       |       |       |     1 ||     1
    Use: Scroll            |       |       |       |     7 |     6 |    10 ||    23
         Potion            |       |       |       |       |     4 |     7 ||    11
 Armour: Robe              |     9 |    76 |   182 |   175 |       |       ||   442
         Scale mail        |    46 |       |       |       |       |       ||    46
         Ring mail         |       |       |       |    62 |       |       ||    62
         Troll leather arm |       |       |       |   340 |   804 |   207 ||  1351
         Acid dragon scale |       |       |       |       |     1 |       ||     1
         Plate armour      |       |       |       |       |       |   484 ||   484
  Dodge: Dodged            |    40 |    96 |   157 |   433 |   594 |   231 ||  1551
  Block: Other             |       |       |       |     6 |    48 |       ||    54
         Buckler           |       |       |       |       |    38 |       ||    38
         Kite shield       |       |       |       |       |   285 |   707 ||   992
         Reflection        |       |       |       |       |       |    35 ||    35
